[ AOE2 MATCH · #458432857 ]
Team RMGeorgians vs Armenians
Player's team · LOSS
[ REPLAY ANALYSIS · EXTRACTED FROM THE RECORDED GAME ]
Feudal
12:40
Castle
16:45
Imperial
29:53
| APM avg | 27.8 |
| APM peak | 77 |
| eAPM avg | 16.3 |
| Villagers / military | 147 / 316 |
Focus
⚔️ 22.4% · 🌾 77.6%
Spearman ×303 · Trebuchet (Packed) ×11 · Mangonel ×1 · Monk ×1
Feudal
10:32
Castle
14:31
Imperial
31:21
| APM avg | 41.7 |
| APM peak | 72 |
| eAPM avg | 21.3 |
| Villagers / military | 94 / 169 |
Focus
⚔️ 30.7% · 🌾 69.3%
Composite Bowman ×119 · Skirmisher ×30 · Warrior Priest ×8 · Monk ×6 · Trebuchet (Packed) ×3 · Mangonel ×2
Feudal
10:49
Castle
14:53
Imperial
43:38
| APM avg | 26.6 |
| APM peak | 62 |
| eAPM avg | 14.5 |
| Villagers / military | 107 / 98 |
Focus
⚔️ 25.9% · 🌾 74.1%
Scout Cavalry ×45 · Mameluke ×38 · Mangonel ×9 · Bombard Cannon ×3 · Petard ×2 · Monk ×1
Feudal
11:59
Castle
15:04
Imperial
29:11
| APM avg | 22.5 |
| APM peak | 54 |
| eAPM avg | 14.8 |
| Villagers / military | 117 / 163 |
Focus
⚔️ 29.7% · 🌾 70.3%
Spearman ×84 · Scorpion ×66 · Trebuchet (Packed) ×12 · Mangonel ×1
Feudal
12:59
Castle
20:16
Imperial
34:44
| APM avg | 29.2 |
| APM peak | 71 |
| eAPM avg | 15.3 |
| Villagers / military | 114 / 119 |
Focus
⚔️ 28.2% · 🌾 71.8%
Spearman ×64 · Archer ×42 · Unknown (2579) ×18 · Trebuchet (Packed) ×8 · Unknown (2550) ×7 · Petard ×5
Feudal
12:17
Castle
19:09
Imperial
32:08
| APM avg | 18.6 |
| APM peak | 46 |
| eAPM avg | 14.5 |
| Villagers / military | 132 / 176 |
Focus
⚔️ 38.9% · 🌾 61.1%
Scout Cavalry ×77 · Shrivamsha Rider ×49 · Elephant Archer ×26 · Camel Scout ×15 · Armored Elephant ×5 · Trebuchet (Packed) ×3
Feudal
10:41
Castle
15:04
Imperial
34:48
| APM avg | 48.0 |
| APM peak | 124 |
| eAPM avg | 19.7 |
| Villagers / military | 127 / 152 |
Focus
⚔️ 23.9% · 🌾 76.1%
Eagle Scout ×67 · Plumed Archer ×64 · Archer ×14 · Petard ×4 · Mangonel ×2 · Battering Ram ×1
Feudal
11:50
Castle
16:11
Imperial
29:12
| APM avg | 36.9 |
| APM peak | 91 |
| eAPM avg | 26.2 |
| Villagers / military | 169 / 502 |
Focus
⚔️ 40.5% · 🌾 59.5%
Spearman ×266 · Scorpion ×108 · Battering Ram ×68 · Woad Raider ×42 · Trebuchet (Packed) ×12 · Monk ×5
Match map
Initial resources + every placement click. Lines = walls · curves = elevation contours. ◆ gold · ⬟ stone · ● berries · ✦ relic · ◌ wall gap
Your base· ✓ Closed at 16:45 · 0t walls · 2 gate(s)
NeKRoiDe!'s base· ✓ Closed at 14:31 · 0t walls · 3 gate(s)
The_Chocotorro17's base· ✓ Closed at 14:53 · 0t walls · 3 gate(s)
BingBangBoom's base· ✓ Closed at 15:04 · 0t walls · 2 gate(s)
The_Pugwailer's base· ✓ Closed at 20:16 · 0t walls · 2 gate(s)
The VlachoGamer's base· ✓ Closed at 19:09 · 0t walls · 2 gate(s)
The_cheems5's base· ✓ Closed at 15:04 · 1t walls · 2 gate(s)
SSRP.BungoBaggins's base· ✓ Closed at 16:11 · 6t walls · 2 gate(s)
Smoothed initial terrain · ◌ = detected wall gap · hover for details
Inputs per minute
— 星仔 - - NeKRoiDe!
Build order — 星仔
First 150 of 444 actions detected
| 0:04 | Create | Villager (Male) |
| 0:04 | Create | Villager (Male) |
| 0:05 | Build | House |
| 0:07 | Build | House |
| 0:17 | Create | Villager (Male) |
| 0:17 | Create | Villager (Male) |
| 0:18 | Create | Villager (Male) |
| 1:32 | Create | Villager (Male) |
| 1:32 | Create | Villager (Male) |
| 2:03 | Create | Villager (Male) |
| 2:03 | Create | Villager (Male) |
| 2:19 | Create | Villager (Male) |
| 2:19 | Create | Villager (Male) |
| 2:51 | Create | Villager (Male) |
| 2:52 | Create | Villager (Male) |
| 3:05 | Create | Villager (Male) |
| 3:05 | Create | Villager (Male) |
| 3:28 | Build | House |
| 3:30 | Build | House |
| 3:43 | Create | Villager (Male) |
| 3:43 | Create | Villager (Male) |
| 4:14 | Create | Villager (Male) |
| 4:43 | Build | House |
| 4:44 | Create | Villager (Male) |
| 4:55 | Build | Mill |
| 5:01 | Build | House |
| 5:01 | Build | House |
| 5:11 | Create | Villager (Male) |
| 5:11 | Create | Villager (Male) |
| 5:14 | Create | Villager (Male) |
| 5:14 | Create | Villager (Male) |
| 5:59 | Create | Villager (Male) |
| 6:00 | Create | Villager (Male) |
| 6:00 | Create | Villager (Male) |
| 6:04 | Build | House |
| 6:45 | Create | Villager (Male) |
| 6:57 | Build | Mule Cart |
| 7:03 | Create | Villager (Male) |
| 7:46 | Create | Villager (Male) |
| 8:18 | Create | Villager (Male) |
| 8:36 | Create | Villager (Male) |
| 8:37 | Create | Villager (Male) |
| 8:57 | Build | Mule Cart |
| 9:32 | Create | Villager (Male) |
| 9:59 | Create | Villager (Male) |
| 10:01 | Build | Farm |
| 10:30 | Research | Feudal Age |
| 10:33 | Build | Farm |
| 11:57 | Create | Villager (Male) |
| 11:57 | Create | Villager (Male) |
| 12:40 | Age | Feudal Age |
| 12:48 | Create | Villager (Male) |
| 12:55 | Build | Market |
| 13:04 | Build | Blacksmith |
| 13:37 | Build | Farm |
| 13:55 | Build | Farm |
| 14:01 | Build | Farm |
| 14:05 | Research | Castle Age |
| 14:20 | Build | House |
| 14:23 | Build | House |
| 14:25 | Build | House |
| 14:50 | Build | Mule Cart |
| 14:53 | Research | Double-Bit Axe |
| 14:55 | Research | Horse Collar |
| 15:50 | Research | Loom |
| 16:09 | Build | Farm |
| 16:45 | Age | Castle Age |
| 16:50 | Build | Mule Cart |
| 16:53 | Create | Villager (Male) |
| 16:54 | Create | Villager (Male) |
| 17:06 | Build | Siege Workshop |
| 17:28 | Build | Castle |
| 17:38 | Build | Farm |
| 17:47 | Create | Mangonel |
| 17:54 | Research | Bow Saw |
| 17:59 | Create | Villager (Male) |
| 18:01 | Create | Villager (Male) |
| 18:06 | Build | Farm |
| 18:36 | Build | Farm |
| 18:39 | Create | Villager (Male) |
| 18:50 | Build | Town Center |
| 19:09 | Build | Monastery |
| 19:13 | Create | Villager (Male) |
| 19:16 | Build | Farm |
| 19:22 | Build | Farm |
| 19:26 | Create | Villager (Male) |
| 19:43 | Create | Villager (Male) |
| 19:58 | Build | Farm |
| 20:15 | Create | Villager (Male) |
| 20:16 | Create | Villager (Male) |
| 20:24 | Build | Town Center |
| 20:26 | Build | Farm |
| 20:29 | Create | Villager (Male) |
| 20:45 | Create | Monk |
| 21:04 | Build | Farm |
| 21:06 | Create | Villager (Male) |
| 21:07 | Create | Villager (Male) |
| 21:07 | Create | Villager (Male) |
| 21:07 | Create | Villager (Male) |
| 21:14 | Build | Farm |
| 21:36 | Create | Villager (Male) |
| 21:36 | Create | Villager (Male) |
| 21:48 | Build | Farm |
| 21:49 | Create | Villager (Male) |
| 21:49 | Create | Villager (Male) |
| 21:55 | Build | Farm |
| 21:57 | Build | Farm |
| 21:59 | Build | Farm |
| 22:01 | Build | Farm |
| 22:01 | Create | Villager (Male) |
| 22:02 | Create | Villager (Male) |
| 22:14 | Build | Farm |
| 22:26 | Create | Villager (Male) |
| 22:32 | Build | Farm |
| 22:38 | Create | Villager (Male) |
| 22:39 | Create | Villager (Male) |
| 22:42 | Build | Farm |
| 22:50 | Create | Villager (Male) |
| 22:50 | Create | Villager (Male) |
| 23:03 | Build | Farm |
| 23:05 | Create | Villager (Male) |
| 23:09 | Build | Farm |
| 23:18 | Create | Villager (Male) |
| 23:18 | Create | Villager (Male) |
| 23:19 | Create | Villager (Male) |
| 23:25 | Build | Farm |
| 23:37 | Build | Mill |
| 23:41 | Create | Villager (Male) |
| 23:41 | Create | Villager (Male) |
| 23:45 | Build | Farm |
| 23:48 | Build | Farm |
| 23:52 | Build | Farm |
| 23:54 | Create | Villager (Male) |
| 24:09 | Research | Wheelbarrow |
| 24:15 | Build | Farm |
| 24:18 | Research | Heavy Plow |
| 24:21 | Build | Farm |
| 24:22 | Build | Farm |
| 24:23 | Create | Villager (Male) |
| 24:24 | Create | Villager (Male) |
| 24:25 | Create | Villager (Male) |
| 24:27 | Build | Farm |
| 24:41 | Build | Farm |
| 24:45 | Build | Farm |
| 24:52 | Create | Villager (Male) |
| 24:59 | Research | Gold Mining |
| 25:03 | Research | Stone Mining |
| 25:07 | Build | Farm |
| 25:08 | Create | Villager (Male) |
| 25:08 | Create | Villager (Male) |
Build order — NeKRoiDe!
First 150 of 347 actions detected
| 0:01 | Create | Villager (Male) |
| 0:02 | Create | Villager (Male) |
| 0:02 | Create | Villager (Male) |
| 0:03 | Build | House |
| 0:04 | Build | House |
| 0:14 | Create | Villager (Male) |
| 1:31 | Create | Villager (Male) |
| 2:15 | Build | Mule Cart |
| 2:19 | Create | Villager (Male) |
| 2:19 | Create | Villager (Male) |
| 2:30 | Create | Villager (Male) |
| 3:13 | Create | Villager (Male) |
| 3:42 | Create | Villager (Male) |
| 3:42 | Create | Villager (Male) |
| 3:42 | Create | Villager (Male) |
| 3:48 | Build | House |
| 4:03 | Build | House |
| 4:33 | Create | Villager (Male) |
| 4:33 | Create | Villager (Male) |
| 4:33 | Create | Villager (Male) |
| 5:02 | Build | Mill |
| 5:05 | Create | Villager (Male) |
| 5:13 | Build | Mill |
| 6:13 | Create | Villager (Male) |
| 6:14 | Create | Villager (Male) |
| 6:16 | Build | Mill |
| 6:56 | Create | Villager (Male) |
| 7:02 | Build | Farm |
| 7:05 | Create | Villager (Male) |
| 7:57 | Create | Villager (Male) |
| 8:05 | Create | Villager (Male) |
| 8:10 | Research | Feudal Age |
| 9:42 | Build | House |
| 10:32 | Age | Feudal Age |
| 10:40 | Build | Market |
| 10:54 | Create | Villager (Male) |
| 10:55 | Create | Villager (Male) |
| 11:10 | Build | Blacksmith |
| 11:41 | Build | House |
| 11:51 | Research | Castle Age |
| 11:52 | Research | Castle Age |
| 12:00 | Build | House |
| 13:14 | Build | Farm |
| 13:18 | Research | Double-Bit Axe |
| 13:19 | Research | Double-Bit Axe |
| 13:22 | Research | Loom |
| 13:51 | Build | Farm |
| 13:54 | Build | Farm |
| 14:11 | Create | Villager (Male) |
| 14:31 | Age | Castle Age |
| 14:39 | Build | Town Center |
| 14:48 | Create | Villager (Male) |
| 14:51 | Create | Villager (Male) |
| 15:09 | Build | House |
| 15:21 | Create | Villager (Male) |
| 15:56 | Create | Villager (Male) |
| 15:57 | Create | Villager (Male) |
| 15:58 | Create | Villager (Male) |
| 15:58 | Create | Villager (Male) |
| 16:03 | Build | Town Center |
| 16:06 | Create | Villager (Male) |
| 16:12 | Create | Villager (Male) |
| 16:28 | Build | Farm |
| 16:38 | Build | House |
| 17:03 | Build | Farm |
| 17:14 | Research | Horse Collar |
| 17:23 | Build | House |
| 17:25 | Build | House |
| 17:27 | Build | House |
| 17:36 | Create | Villager (Male) |
| 17:53 | Build | Monastery |
| 18:06 | Build | House |
| 18:08 | Create | Villager (Male) |
| 18:19 | Create | Villager (Male) |
| 18:31 | Build | Siege Workshop |
| 18:36 | Build | House |
| 18:44 | Build | Palisade Gate |
| 18:59 | Create | Monk |
| 19:07 | Build | Farm |
| 19:12 | Create | Warrior Priest |
| 19:17 | Create | Mangonel |
| 19:24 | Create | Villager (Male) |
| 19:25 | Create | Villager (Male) |
| 19:25 | Create | Villager (Male) |
| 19:34 | Build | House |
| 19:35 | Build | House |
| 19:36 | Build | House |
| 20:43 | Create | Monk |
| 20:45 | Create | Villager (Male) |
| 20:46 | Create | Villager (Male) |
| 21:00 | Create | Monk |
| 21:05 | Create | Villager (Male) |
| 21:06 | Create | Villager (Male) |
| 21:14 | Build | Farm |
| 21:14 | Build | Farm |
| 21:14 | Build | Farm |
| 21:14 | Build | Farm |
| 21:15 | Build | Farm |
| 21:15 | Build | Farm |
| 21:15 | Build | Farm |
| 21:16 | Build | Farm |
| 21:16 | Build | Farm |
| 21:22 | Research | Heavy Plow |
| 21:31 | Build | Farm |
| 21:32 | Build | Farm |
| 21:32 | Build | Farm |
| 21:55 | Build | House |
| 21:56 | Build | House |
| 21:57 | Build | House |
| 21:58 | Create | Villager (Male) |
| 22:47 | Create | Battering Ram |
| 23:04 | Create | Mangonel |
| 23:13 | Create | Villager (Male) |
| 23:14 | Create | Villager (Male) |
| 23:14 | Create | Villager (Male) |
| 23:16 | Build | Farm |
| 23:19 | Build | Farm |
| 23:19 | Build | Farm |
| 23:19 | Build | Farm |
| 23:20 | Build | Farm |
| 23:24 | Build | Farm |
| 23:24 | Build | Farm |
| 23:25 | Build | Farm |
| 23:25 | Build | Farm |
| 23:28 | Create | Villager (Male) |
| 23:29 | Create | Villager (Male) |
| 25:10 | Create | Villager (Male) |
| 25:12 | Create | Villager (Male) |
| 25:13 | Build | Farm |
| 25:14 | Build | Farm |
| 25:14 | Build | Farm |
| 25:18 | Build | Farm |
| 25:19 | Build | Farm |
| 25:19 | Build | Farm |
| 25:33 | Build | University |
| 25:37 | Research | Fletching |
| 26:12 | Create | Villager (Male) |
| 26:13 | Create | Villager (Male) |
| 26:13 | Create | Villager (Male) |
| 26:13 | Create | Villager (Male) |
| 26:26 | Research | Bow Saw |
| 26:36 | Research | Gold Mining |
| 27:05 | Create | Villager (Male) |
| 28:10 | Create | Villager (Male) |
| 28:10 | Create | Villager (Male) |
| 28:11 | Research | Imperial Age |
| 28:12 | Research | Imperial Age |
| 28:30 | Create | Villager (Male) |
| 28:30 | Create | Villager (Male) |
| 28:31 | Create | Villager (Male) |
Build order — The_Chocotorro17
First 150 of 232 actions detected
| 0:04 | Build | House |
| 0:06 | Build | House |
| 0:07 | Create | Villager (Male) ×4 |
| 1:14 | Create | Villager (Male) |
| 1:56 | Build | Lumber Camp |
| 2:08 | Create | Villager (Male) |
| 2:22 | Create | Villager (Male) |
| 2:50 | Create | Villager (Male) |
| 3:12 | Create | Villager (Male) |
| 3:36 | Create | Villager (Male) |
| 4:02 | Build | House |
| 4:14 | Create | Villager (Male) |
| 4:36 | Research | Loom |
| 4:39 | Create | Villager (Male) |
| 4:51 | Build | Mill |
| 5:01 | Create | Villager (Male) |
| 5:04 | Create | Villager (Male) |
| 5:37 | Build | House |
| 5:57 | Create | Villager (Male) |
| 6:20 | Build | House |
| 6:26 | Create | Villager (Male) |
| 6:26 | Create | Villager (Male) |
| 7:36 | Build | Mill |
| 7:39 | Create | Villager (Male) |
| 7:42 | Create | Villager (Male) |
| 8:39 | Research | Feudal Age |
| 10:49 | Age | Feudal Age |
| 10:57 | Build | Market |
| 11:02 | Build | Blacksmith |
| 12:13 | Research | Castle Age |
| 13:46 | Create | Villager (Male) |
| 13:46 | Create | Villager (Male) |
| 14:53 | Age | Castle Age |
| 15:32 | Build | Castle |
| 15:37 | Build | House |
| 15:40 | Build | House |
| 15:42 | Build | House |
| 15:47 | Build | House |
| 15:49 | Build | House |
| 15:55 | Build | Palisade Wall |
| 15:57 | Build | Palisade Wall |
| 16:04 | Create | Villager (Male) |
| 16:05 | Create | Villager (Male) |
| 16:51 | Build | Mining Camp |
| 16:55 | Create | Mameluke |
| 16:55 | Create | Mameluke |
| 17:01 | Create | Villager (Male) |
| 17:33 | Build | Mining Camp |
| 17:38 | Create | Villager (Male) |
| 17:47 | Create | Mameluke |
| 17:47 | Create | Mameluke |
| 17:57 | Create | Villager (Male) |
| 18:08 | Build | Farm |
| 18:08 | Build | Farm |
| 18:08 | Build | Farm |
| 18:08 | Build | Farm |
| 18:18 | Build | Farm |
| 19:12 | Create | Villager (Male) |
| 19:29 | Create | Mameluke |
| 19:34 | Build | Farm |
| 19:34 | Build | Farm |
| 19:34 | Build | Farm |
| 19:35 | Build | Farm |
| 19:35 | Build | Farm |
| 19:43 | Build | Farm |
| 19:57 | Create | Villager (Male) |
| 19:58 | Create | Villager (Male) |
| 20:20 | Create | Mameluke |
| 20:50 | Create | Villager (Male) |
| 21:04 | Build | Farm |
| 21:24 | Create | Villager (Male) |
| 21:29 | Build | Farm |
| 21:51 | Build | Siege Workshop |
| 21:57 | Create | Mameluke |
| 21:57 | Create | Mameluke |
| 22:30 | Create | Petard |
| 22:31 | Create | Petard |
| 22:43 | Create | Villager (Male) |
| 22:43 | Create | Villager (Male) |
| 23:05 | Create | Villager (Male) |
| 23:38 | Create | Mangonel |
| 24:40 | Create | Villager (Male) |
| 24:41 | Create | Villager (Male) |
| 24:46 | Build | Town Center |
| 24:58 | Build | House |
| 24:59 | Build | House |
| 25:00 | Build | House |
| 25:01 | Build | House |
| 25:52 | Build | Town Center |
| 26:10 | Build | House |
| 26:20 | Create | Villager (Male) |
| 26:20 | Create | Villager (Male) |
| 26:22 | Create | Villager (Male) |
| 26:44 | Build | House |
| 26:46 | Build | House |
| 26:48 | Build | House |
| 27:13 | Create | Villager (Male) ×5 |
| 27:19 | Build | Farm |
| 28:03 | Build | Monastery |
| 28:06 | Create | Villager (Male) ×5 |
| 28:11 | Build | Farm |
| 28:12 | Build | Farm |
| 28:28 | Build | Monastery |
| 28:30 | Create | Villager (Male) ×2 |
| 28:36 | Build | Farm |
| 28:41 | Build | Farm |
| 28:51 | Build | Mining Camp |
| 28:55 | Create | Villager (Male) |
| 29:00 | Create | Villager (Male) ×3 |
| 29:13 | Create | Monk |
| 29:34 | Create | Villager (Male) ×2 |
| 29:57 | Research | Double-Bit Axe |
| 30:01 | Research | Horse Collar |
| 30:13 | Build | Farm |
| 30:14 | Build | Farm |
| 30:14 | Build | Farm |
| 30:14 | Build | Farm |
| 30:16 | Build | Farm |
| 30:25 | Create | Villager (Male) ×2 |
| 30:31 | Create | Villager (Male) |
| 30:49 | Build | Castle |
| 30:54 | Create | Villager (Male) ×2 |
| 31:08 | Build | Farm |
| 31:09 | Create | Villager (Male) |
| 31:12 | Build | Farm |
| 31:14 | Build | Farm |
| 31:26 | Create | Villager (Male) ×4 |
| 31:53 | Create | Villager (Male) ×3 |
| 32:04 | Build | Town Center |
| 32:29 | Create | Villager (Male) ×4 |
| 32:35 | Build | House |
| 32:36 | Build | House |
| 32:37 | Build | House |
| 32:38 | Build | House |
| 32:42 | Build | House |
| 32:43 | Build | House |
| 32:44 | Build | House |
| 32:59 | Create | Villager (Male) ×4 |
| 33:06 | Build | Farm |
| 33:06 | Build | Farm |
| 33:07 | Build | Farm |
| 33:07 | Build | Farm |
| 33:09 | Build | Farm |
| 33:09 | Build | Farm |
| 33:13 | Create | Mameluke |
| 33:27 | Create | Villager (Male) ×5 |
| 33:29 | Research | Forging |
| 33:38 | Build | Barracks |
| 33:40 | Create | Mameluke |
| 33:55 | Build | Farm |
Build order — BingBangBoom
First 150 of 312 actions detected
| 0:01 | Create | Villager (Male) |
| 0:01 | Create | Villager (Male) |
| 0:02 | Create | Villager (Male) |
| 0:02 | Create | Villager (Male) |
| 0:02 | Create | Villager (Male) |
| 0:04 | Build | House |
| 0:06 | Build | House |
| 1:26 | Create | Villager (Male) |
| 1:26 | Create | Villager (Male) |
| 1:47 | Build | Lumber Camp |
| 1:59 | Create | Villager (Male) |
| 1:59 | Create | Villager (Male) |
| 2:14 | Create | Villager (Male) |
| 2:14 | Create | Villager (Male) |
| 3:09 | Create | Villager (Male) |
| 3:09 | Create | Villager (Male) |
| 3:33 | Create | Villager (Male) |
| 3:33 | Create | Villager (Male) |
| 3:48 | Create | Villager (Male) |
| 4:06 | Build | Mill |
| 4:09 | Build | House |
| 4:48 | Create | Villager (Male) |
| 4:48 | Create | Villager (Male) |
| 4:49 | Create | Villager (Male) |
| 5:25 | Create | Villager (Male) |
| 5:26 | Create | Villager (Male) |
| 5:35 | Build | House |
| 5:36 | Build | House |
| 5:56 | Create | Villager (Male) |
| 5:57 | Create | Villager (Male) |
| 5:59 | Create | Villager (Male) |
| 5:59 | Create | Villager (Male) |
| 5:59 | Create | Villager (Male) |
| 6:36 | Build | Mill |
| 6:40 | Create | Villager (Male) |
| 6:40 | Create | Villager (Male) |
| 7:11 | Create | Villager (Male) |
| 7:11 | Create | Villager (Male) |
| 7:23 | Create | Villager (Male) |
| 7:27 | Create | Villager (Male) |
| 7:27 | Create | Villager (Male) |
| 7:29 | Create | Villager (Male) |
| 7:30 | Create | Villager (Male) |
| 7:50 | Create | Villager (Male) |
| 7:50 | Create | Villager (Male) |
| 7:56 | Create | Villager (Male) |
| 8:14 | Create | Villager (Male) |
| 8:35 | Create | Villager (Male) |
| 8:42 | Build | Mining Camp |
| 8:49 | Create | Villager (Male) |
| 8:49 | Create | Villager (Male) |
| 8:52 | Create | Villager (Male) |
| 8:52 | Create | Villager (Male) |
| 9:36 | Research | Feudal Age |
| 10:22 | Create | Villager (Male) |
| 10:22 | Create | Villager (Male) |
| 11:01 | Build | Farm |
| 11:04 | Build | Farm |
| 11:06 | Build | Farm |
| 11:08 | Build | Farm |
| 11:59 | Age | Feudal Age |
| 12:03 | Create | Villager (Male) |
| 12:12 | Research | Castle Age |
| 13:23 | Research | Double-Bit Axe |
| 13:25 | Research | Horse Collar |
| 13:33 | Build | Lumber Camp |
| 14:15 | Create | Villager (Male) |
| 14:16 | Create | Villager (Male) |
| 14:16 | Research | Loom |
| 14:26 | Build | Farm |
| 14:30 | Build | Farm |
| 14:32 | Build | Farm |
| 15:04 | Age | Castle Age |
| 15:14 | Build | Town Center |
| 15:32 | Build | Town Center |
| 15:36 | Research | Bow Saw |
| 15:39 | Research | Heavy Plow |
| 15:41 | Create | Villager (Male) |
| 15:46 | Build | House |
| 15:47 | Build | House |
| 15:57 | Build | Farm |
| 16:04 | Build | Farm |
| 16:09 | Build | Farm |
| 16:13 | Create | Villager (Male) |
| 16:39 | Create | Villager (Male) |
| 16:41 | Create | Villager (Male) |
| 16:50 | Build | Stone Wall |
| 16:54 | Build | Siege Workshop |
| 16:59 | Build | Stone Wall |
| 17:07 | Build | Stone Wall |
| 17:15 | Build | Gate |
| 17:28 | Create | Villager (Male) |
| 17:28 | Create | Villager (Male) |
| 17:30 | Create | Villager (Male) |
| 17:31 | Create | Villager (Male) |
| 17:32 | Create | Villager (Male) |
| 17:32 | Create | Villager (Male) |
| 17:44 | Create | Villager (Male) |
| 17:55 | Build | Farm |
| 17:57 | Build | Farm |
| 17:57 | Create | Villager (Male) |
| 18:02 | Build | House |
| 18:03 | Build | House |
| 18:10 | Create | Villager (Male) |
| 18:10 | Create | Villager (Male) |
| 18:34 | Build | Gate |
| 19:00 | Build | Market |
| 19:22 | Build | Mining Camp |
| 19:34 | Build | Mining Camp |
| 19:45 | Research | Wheelbarrow |
| 19:47 | Create | Villager (Male) |
| 19:48 | Create | Villager (Male) |
| 19:51 | Create | Villager (Male) |
| 19:52 | Create | Villager (Male) |
| 19:53 | Create | Villager (Male) |
| 20:01 | Build | House |
| 20:24 | Build | House |
| 20:26 | Build | House |
| 20:30 | Build | Stone Wall |
| 20:38 | Create | Mangonel |
| 20:53 | Build | Farm |
| 20:56 | Build | Farm |
| 21:09 | Research | Gold Mining |
| 21:13 | Create | Villager (Male) |
| 21:15 | Create | Villager (Male) |
| 21:22 | Build | House |
| 21:23 | Build | House |
| 22:10 | Build | Outpost |
| 22:11 | Build | Outpost |
| 22:49 | Build | Mining Camp |
| 22:56 | Build | House |
| 22:58 | Build | House |
| 22:58 | Build | House |
| 23:40 | Create | Villager (Male) |
| 23:41 | Create | Villager (Male) |
| 23:46 | Build | Town Center |
| 24:54 | Create | Villager (Male) |
| 24:55 | Create | Villager (Male) |
| 24:57 | Create | Villager (Male) |
| 25:01 | Build | Farm |
| 25:02 | Build | Farm |
| 25:05 | Build | Farm |
| 25:06 | Build | Farm |
| 25:12 | Create | Villager (Male) |
| 25:13 | Create | Villager (Male) |
| 25:14 | Create | Villager (Male) |
| 25:15 | Create | Villager (Male) |
| 25:50 | Build | Castle |
| 26:01 | Research | Imperial Age |
| 26:06 | Build | Farm |
Build order — The_Pugwailer
First 150 of 312 actions detected
| 0:33 | Build | House |
| 0:36 | Build | House |
| 0:37 | Create | Villager (Male) |
| 0:37 | Create | Villager (Male) |
| 0:38 | Create | Villager (Male) |
| 0:56 | Create | Villager (Male) |
| 1:51 | Create | Villager (Male) |
| 1:51 | Create | Villager (Male) |
| 2:10 | Create | Villager (Male) |
| 2:11 | Create | Villager (Male) |
| 2:23 | Build | Settlement |
| 2:47 | Create | Villager (Male) |
| 3:29 | Create | Villager (Male) |
| 3:30 | Create | Villager (Male) |
| 3:30 | Create | Villager (Male) |
| 4:16 | Create | Villager (Male) |
| 4:31 | Create | Villager (Male) |
| 5:11 | Create | Villager (Male) |
| 5:30 | Create | Villager (Male) |
| 5:30 | Create | Villager (Male) |
| 6:02 | Create | Villager (Male) |
| 6:03 | Create | Villager (Male) |
| 6:07 | Build | House |
| 6:09 | Build | House |
| 6:11 | Create | Villager (Male) |
| 6:25 | Create | Villager (Male) |
| 7:00 | Build | Settlement |
| 7:10 | Create | Villager (Male) |
| 7:18 | Create | Villager (Male) |
| 7:41 | Create | Villager (Male) |
| 7:46 | Build | Farm |
| 7:48 | Build | Farm |
| 8:14 | Create | Villager (Male) |
| 8:27 | Research | Loom |
| 9:51 | Build | Farm |
| 9:52 | Build | Farm |
| 9:59 | Create | Villager (Male) |
| 10:21 | Create | Villager (Male) |
| 10:26 | Build | Farm |
| 10:30 | Research | Feudal Age |
| 11:04 | Build | Farm |
| 11:53 | Build | Settlement |
| 12:05 | Create | Villager (Male) |
| 12:58 | Create | Villager (Male) |
| 12:59 | Age | Feudal Age |
| 13:03 | Research | Double-Bit Axe |
| 13:17 | Build | Barracks |
| 13:26 | Create | Villager (Male) |
| 13:34 | Build | Blacksmith |
| 13:39 | Build | Market |
| 13:50 | Create | Villager (Male) |
| 13:57 | Build | Farm |
| 13:58 | Build | Farm |
| 14:02 | Build | Farm |
| 14:41 | Create | Villager (Male) |
| 14:44 | Build | Farm |
| 14:46 | Build | Farm |
| 15:02 | Research | Horse Collar |
| 15:03 | Research | Gold Mining |
| 15:05 | Create | Villager (Male) |
| 15:08 | Build | Farm |
| 15:20 | Create | Villager (Male) |
| 15:22 | Research | Stone Mining |
| 15:35 | Build | Farm |
| 15:54 | Create | Villager (Male) |
| 16:17 | Create | Villager (Male) |
| 16:25 | Build | Farm |
| 16:42 | Create | Villager (Male) |
| 16:50 | Build | Farm |
| 17:11 | Create | Villager (Male) |
| 17:14 | Build | Farm |
| 17:33 | Research | Castle Age |
| 17:47 | Build | House |
| 17:52 | Build | House |
| 17:56 | Build | House |
| 19:20 | Create | Villager (Male) |
| 19:20 | Create | Villager (Male) |
| 19:20 | Create | Villager (Male) |
| 19:21 | Create | Villager (Male) |
| 19:21 | Create | Villager (Male) |
| 19:29 | Research | Arson |
| 19:48 | Create | Villager (Male) |
| 20:16 | Age | Castle Age |
| 20:28 | Research | Bow Saw |
| 20:39 | Create | Unit 2550 |
| 20:40 | Create | Unit 2550 |
| 21:26 | Create | Unit 2550 |
| 21:29 | Create | Villager (Male) |
| 22:00 | Create | Villager (Male) |
| 22:12 | Build | University |
| 22:18 | Research | Fletching |
| 22:29 | Create | Villager (Male) |
| 22:41 | Research | Wheelbarrow |
| 22:42 | Create | Villager (Male) |
| 22:42 | Create | Villager (Male) |
| 22:42 | Create | Villager (Male) |
| 22:50 | Research | Treadmill Crane |
| 23:10 | Create | Villager (Male) |
| 23:11 | Create | Villager (Male) |
| 23:35 | Research | Bodkin Arrow |
| 24:00 | Build | Castle |
| 24:09 | Build | Palisade Wall |
| 24:13 | Build | House |
| 24:15 | Build | House |
| 24:17 | Build | House |
| 24:28 | Create | Villager (Male) |
| 24:35 | Create | Villager (Male) |
| 24:44 | Create | Villager (Male) |
| 25:01 | Research | Forging |
| 25:41 | Build | Settlement |
| 25:43 | Create | Unit 2579 ×5 |
| 25:43 | Create | Unit 2579 ×5 |
| 25:47 | Create | Villager (Male) |
| 26:03 | Research | Padded Archer Armor |
| 26:30 | Create | Villager (Male) |
| 26:35 | Build | Town Center |
| 26:41 | Research | Heavy Plow |
| 27:07 | Research | Iron Casting |
| 27:18 | Create | Villager (Male) |
| 27:23 | Create | Villager (Male) |
| 27:24 | Create | Villager (Male) |
| 27:24 | Create | Villager (Male) |
| 27:25 | Create | Villager (Male) |
| 27:32 | Build | Farm |
| 27:35 | Create | Villager (Male) |
| 27:51 | Create | Petard |
| 27:52 | Create | Petard |
| 27:52 | Create | Petard |
| 27:52 | Create | Petard |
| 27:55 | Create | Petard |
| 28:02 | Create | Villager (Male) |
| 28:02 | Create | Villager (Male) |
| 28:14 | Create | Villager (Male) |
| 28:24 | Build | Barracks |
| 28:55 | Build | Monastery |
| 28:58 | Create | Unit 2550 |
| 28:58 | Create | Unit 2550 |
| 28:59 | Create | Unit 2550 |
| 28:59 | Create | Unit 2550 |
| 29:04 | Create | Villager (Male) |
| 29:05 | Create | Villager (Male) |
| 29:05 | Create | Villager (Male) |
| 29:11 | Create | Villager (Male) |
| 29:31 | Research | Tech 1402 |
| 30:11 | Build | Castle |
| 30:26 | Build | Castle |
| 30:56 | Research | Scale Mail Armor |
| 31:16 | Build | Barracks |
| 31:16 | Build | Barracks |
| 31:16 | Build | Barracks |
Build order — The VlachoGamer
First 150 of 510 actions detected
| 0:04 | Create | Villager (Male) |
| 0:04 | Create | Villager (Male) |
| 0:06 | Build | House |
| 0:07 | Build | House |
| 0:09 | Build | House |
| 0:58 | Create | Villager (Male) |
| 0:58 | Create | Villager (Male) |
| 0:58 | Create | Villager (Male) |
| 0:59 | Create | Villager (Male) |
| 1:26 | Build | Mill |
| 1:41 | Create | Villager (Male) |
| 1:41 | Create | Villager (Male) |
| 1:42 | Create | Villager (Male) |
| 2:15 | Create | Villager (Male) |
| 2:15 | Create | Villager (Male) |
| 2:15 | Create | Villager (Male) |
| 2:43 | Create | Villager (Male) |
| 2:43 | Create | Villager (Male) |
| 3:05 | Create | Villager (Male) |
| 3:05 | Create | Villager (Male) |
| 3:25 | Create | Villager (Male) |
| 3:26 | Research | Loom |
| 3:53 | Research | Loom |
| 3:54 | Create | Villager (Male) |
| 4:00 | Build | Lumber Camp |
| 4:49 | Create | Villager (Male) |
| 4:49 | Create | Villager (Male) |
| 4:49 | Create | Villager (Male) |
| 5:38 | Create | Villager (Male) |
| 6:01 | Create | Villager (Male) |
| 6:36 | Build | Mill |
| 6:39 | Create | Villager (Male) |
| 6:39 | Create | Villager (Male) |
| 6:40 | Create | Villager (Male) |
| 6:50 | Build | House |
| 6:52 | Build | House |
| 6:53 | Build | House |
| 6:55 | Build | House |
| 7:01 | Build | House |
| 7:53 | Create | Villager (Male) |
| 8:08 | Build | Lumber Camp |
| 8:27 | Create | Villager (Male) |
| 8:27 | Create | Villager (Male) |
| 9:15 | Create | Villager (Male) |
| 9:34 | Create | Villager (Male) |
| 9:54 | Research | Feudal Age |
| 10:01 | Build | Mining Camp |
| 11:36 | Build | Farm |
| 11:37 | Build | Farm |
| 11:38 | Build | Farm |
| 11:44 | Build | Farm |
| 11:44 | Build | Farm |
| 12:10 | Create | Villager (Male) |
| 12:13 | Create | Villager (Male) |
| 12:17 | Age | Feudal Age |
| 12:19 | Research | Horse Collar |
| 12:24 | Research | Double-Bit Axe |
| 13:09 | Create | Villager (Male) |
| 13:14 | Build | Farm |
| 13:14 | Build | Farm |
| 13:14 | Build | Farm |
| 13:15 | Build | Farm |
| 13:16 | Build | Farm |
| 13:30 | Create | Villager (Male) |
| 13:38 | Create | Villager (Male) |
| 13:48 | Build | Farm |
| 13:52 | Build | Farm |
| 14:06 | Create | Villager (Male) |
| 14:40 | Build | Blacksmith |
| 14:47 | Create | Villager (Male) |
| 14:56 | Build | Market |
| 15:03 | Create | Villager (Male) |
| 15:14 | Build | Farm |
| 15:19 | Build | Farm |
| 15:27 | Create | Villager (Male) |
| 16:03 | Create | Villager (Male) |
| 16:22 | Research | Castle Age |
| 16:27 | Build | Barracks |
| 16:33 | Build | House |
| 16:35 | Build | House |
| 16:37 | Build | House |
| 16:39 | Build | House |
| 16:59 | Build | Farm |
| 17:04 | Research | Gold Mining |
| 17:28 | Research | Scale Barding Armor |
| 17:29 | Research | Forging |
| 17:46 | Create | Villager (Male) |
| 17:46 | Create | Villager (Male) |
| 18:07 | Build | Stable |
| 19:05 | Research | Bloodlines |
| 19:09 | Age | Castle Age |
| 19:15 | Build | Siege Workshop |
| 19:19 | Research | Chain Barding Armor |
| 19:25 | Create | Villager (Male) |
| 19:29 | Research | Bow Saw |
| 19:39 | Build | Town Center |
| 19:50 | Create | Armored Elephant |
| 19:51 | Create | Armored Elephant |
| 19:51 | Create | Armored Elephant |
| 20:03 | Build | Farm |
| 20:04 | Build | Farm |
| 20:07 | Create | Armored Elephant |
| 20:20 | Create | Villager (Male) |
| 20:37 | Create | Armored Elephant |
| 20:45 | Create | Villager (Male) |
| 21:04 | Create | Camel Scout |
| 21:06 | Create | Camel Scout |
| 21:18 | Build | Farm |
| 21:20 | Build | Farm |
| 21:22 | Build | Farm |
| 21:24 | Build | Farm |
| 21:28 | Build | Farm |
| 21:30 | Create | Villager (Male) |
| 21:33 | Create | Camel Scout |
| 21:44 | Create | Shrivamsha Rider |
| 21:46 | Create | Shrivamsha Rider |
| 22:18 | Create | Villager (Male) |
| 22:18 | Create | Villager (Male) |
| 22:35 | Create | Villager (Male) |
| 22:35 | Create | Villager (Male) |
| 22:37 | Create | Camel Scout |
| 22:38 | Create | Camel Scout |
| 23:02 | Create | Camel Scout |
| 23:02 | Create | Camel Scout |
| 23:07 | Create | Villager (Male) |
| 23:08 | Create | Villager (Male) |
| 24:11 | Create | Villager (Male) |
| 24:11 | Create | Villager (Male) |
| 24:11 | Create | Villager (Male) |
| 24:38 | Create | Shrivamsha Rider |
| 24:38 | Create | Shrivamsha Rider |
| 24:55 | Build | Lumber Camp |
| 25:03 | Build | Town Center |
| 25:08 | Build | Farm |
| 25:09 | Create | Villager (Male) |
| 25:10 | Create | Villager (Male) |
| 25:42 | Create | Mangonel |
| 25:45 | Create | Villager (Male) |
| 25:45 | Create | Villager (Male) |
| 26:15 | Create | Villager (Male) |
| 26:16 | Create | Villager (Male) |
| 26:16 | Create | Villager (Male) |
| 26:16 | Create | Villager (Male) |
| 26:42 | Build | House |
| 26:47 | Build | House |
| 26:47 | Build | House |
| 26:48 | Build | House |
| 27:32 | Build | University |
| 27:35 | Create | Villager (Male) |
| 27:35 | Create | Villager (Male) |
Build order — The_cheems5
First 150 of 362 actions detected
| 0:03 | Research | Loom |
| 0:08 | Build | House |
| 0:10 | Build | House |
| 0:16 | Create | Villager (Male) |
| 0:16 | Create | Villager (Male) |
| 0:16 | Create | Villager (Male) |
| 1:31 | Create | Villager (Male) |
| 1:32 | Create | Villager (Male) |
| 2:05 | Build | Lumber Camp |
| 2:09 | Create | Villager (Male) |
| 2:12 | Create | Villager (Male) |
| 3:02 | Create | Villager (Male) |
| 3:02 | Create | Villager (Male) |
| 3:09 | Create | Villager (Male) |
| 3:10 | Create | Villager (Male) |
| 3:55 | Create | Villager (Male) |
| 4:03 | Build | House |
| 4:04 | Build | House |
| 4:11 | Create | Villager (Male) |
| 4:11 | Create | Villager (Male) |
| 4:32 | Build | Mill |
| 4:41 | Create | Villager (Male) |
| 4:41 | Create | Villager (Male) |
| 5:14 | Create | Villager (Male) |
| 5:14 | Create | Villager (Male) |
| 5:40 | Create | Villager (Male) |
| 5:40 | Create | Villager (Male) |
| 5:40 | Create | Villager (Male) |
| 6:04 | Create | Villager (Male) |
| 6:04 | Create | Villager (Male) |
| 6:04 | Create | Villager (Male) |
| 6:14 | Build | Farm |
| 6:19 | Build | Farm |
| 6:35 | Create | Villager (Male) |
| 6:36 | Create | Villager (Male) |
| 7:23 | Build | Lumber Camp |
| 7:45 | Build | House |
| 7:50 | Create | Villager (Male) |
| 8:29 | Research | Feudal Age |
| 8:42 | Build | Mining Camp |
| 9:54 | Create | Villager (Male) |
| 9:54 | Create | Villager (Male) |
| 10:41 | Age | Feudal Age |
| 10:45 | Build | Palisade Wall |
| 10:51 | Build | Blacksmith |
| 10:55 | Build | Market |
| 11:17 | Build | Mill |
| 12:24 | Research | Castle Age |
| 12:42 | Research | Town Watch |
| 12:48 | Research | Double-Bit Axe |
| 13:20 | Research | Town Watch |
| 13:36 | Build | Mining Camp |
| 14:40 | Build | House |
| 15:04 | Age | Castle Age |
| 15:08 | Create | Villager (Male) |
| 15:11 | Build | Town Center |
| 15:50 | Build | Castle |
| 15:58 | Create | Villager (Male) |
| 15:58 | Create | Villager (Male) |
| 16:05 | Create | Villager (Male) |
| 16:40 | Create | Villager (Male) |
| 16:40 | Create | Villager (Male) |
| 16:41 | Create | Villager (Male) |
| 16:41 | Create | Villager (Male) |
| 16:56 | Build | Mill |
| 17:15 | Create | Petard |
| 17:24 | Create | Plumed Archer ×2 |
| 17:25 | Create | Plumed Archer ×2 |
| 17:25 | Create | Plumed Archer ×2 |
| 17:29 | Create | Villager (Male) |
| 17:29 | Create | Villager (Male) |
| 17:38 | Build | Farm |
| 17:52 | Create | Plumed Archer |
| 17:52 | Create | Plumed Archer |
| 18:08 | Research | Fletching |
| 18:08 | Research | Fletching |
| 18:16 | Create | Plumed Archer |
| 18:16 | Create | Plumed Archer |
| 18:33 | Create | Villager (Male) |
| 18:33 | Create | Villager (Male) |
| 18:41 | Build | Farm |
| 18:46 | Build | Farm |
| 18:52 | Create | Villager (Male) |
| 18:52 | Create | Villager (Male) |
| 19:05 | Create | Plumed Archer |
| 19:06 | Create | Plumed Archer |
| 19:17 | Build | Farm |
| 19:17 | Build | Farm |
| 19:18 | Build | Farm |
| 19:18 | Build | Farm |
| 19:18 | Build | Farm |
| 19:18 | Build | Farm |
| 19:23 | Create | Villager (Male) |
| 19:23 | Create | Villager (Male) |
| 19:24 | Create | Villager (Male) |
| 19:24 | Create | Villager (Male) |
| 19:34 | Create | Plumed Archer |
| 19:34 | Create | Plumed Archer |
| 19:34 | Create | Plumed Archer |
| 21:09 | Create | Plumed Archer ×2 |
| 21:09 | Create | Plumed Archer ×2 |
| 21:10 | Create | Villager (Male) |
| 21:10 | Create | Villager (Male) |
| 21:11 | Create | Villager (Male) |
| 21:11 | Create | Villager (Male) |
| 21:11 | Create | Villager (Male) |
| 21:12 | Create | Villager (Male) |
| 21:18 | Build | Farm |
| 21:18 | Build | Farm |
| 21:18 | Build | Farm |
| 21:19 | Build | Farm |
| 21:19 | Build | Farm |
| 21:19 | Build | Farm |
| 21:19 | Build | Farm |
| 21:23 | Create | Villager (Male) |
| 21:24 | Create | Villager (Male) |
| 21:57 | Create | Plumed Archer |
| 21:58 | Create | Plumed Archer |
| 22:19 | Create | Villager (Male) |
| 22:19 | Create | Villager (Male) |
| 22:19 | Create | Villager (Male) |
| 22:31 | Create | Petard |
| 22:31 | Create | Petard |
| 22:39 | Create | Villager (Male) |
| 22:39 | Create | Villager (Male) |
| 22:40 | Create | Villager (Male) |
| 22:40 | Create | Villager (Male) |
| 22:43 | Build | Farm |
| 22:44 | Build | Farm |
| 22:44 | Build | Farm |
| 22:44 | Build | Farm |
| 22:44 | Build | Farm |
| 22:57 | Create | Villager (Male) |
| 22:58 | Create | Villager (Male) |
| 22:58 | Create | Villager (Male) |
| 22:58 | Create | Villager (Male) |
| 22:59 | Create | Villager (Male) |
| 22:59 | Create | Villager (Male) |
| 23:00 | Create | Villager (Male) |
| 23:00 | Create | Villager (Male) |
| 23:17 | Create | Petard |
| 23:59 | Create | Villager (Male) |
| 24:09 | Research | Bodkin Arrow |
| 24:09 | Research | Bodkin Arrow |
| 25:08 | Create | Plumed Archer |
| 25:08 | Create | Plumed Archer |
| 25:36 | Build | Siege Workshop |
| 25:43 | Build | Farm |
| 25:44 | Build | Farm |
| 25:44 | Build | Farm |
Build order — SSRP.BungoBaggins
First 150 of 530 actions detected
| 0:02 | Create | Villager (Male) |
| 0:02 | Create | Villager (Male) |
| 0:02 | Create | Villager (Male) |
| 0:02 | Create | Villager (Male) |
| 0:06 | Build | House |
| 0:09 | Build | House |
| 1:34 | Create | Villager (Male) |
| 1:34 | Create | Villager (Male) |
| 1:34 | Create | Villager (Male) |
| 1:35 | Create | Villager (Male) |
| 1:35 | Create | Villager (Male) |
| 1:46 | Build | Lumber Camp |
| 1:54 | Create | Villager (Male) |
| 2:17 | Create | Villager (Male) |
| 2:50 | Create | Villager (Male) |
| 3:02 | Create | Villager (Male) |
| 3:28 | Build | House |
| 3:29 | Build | House |
| 3:30 | Build | House |
| 3:50 | Create | Villager (Male) |
| 4:03 | Create | Villager (Male) |
| 4:18 | Create | Villager (Male) |
| 4:26 | Build | Mill |
| 4:57 | Create | Villager (Male) |
| 4:57 | Create | Villager (Male) |
| 5:06 | Create | Villager (Male) |
| 5:07 | Create | Villager (Male) |
| 5:33 | Build | House |
| 5:39 | Create | Villager (Male) |
| 6:04 | Create | Villager (Male) |
| 6:10 | Build | Mill |
| 6:28 | Create | Villager (Male) |
| 6:56 | Create | Villager (Male) |
| 6:56 | Create | Villager (Male) |
| 6:57 | Create | Villager (Male) |
| 6:57 | Create | Villager (Male) |
| 7:18 | Build | Mining Camp |
| 7:57 | Create | Villager (Male) |
| 8:16 | Build | Farm |
| 8:36 | Build | Farm |
| 8:41 | Research | Feudal Age |
| 9:24 | Build | Mining Camp |
| 9:32 | Build | Farm |
| 9:35 | Create | Villager (Male) |
| 9:36 | Create | Villager (Male) |
| 9:41 | Build | Farm |
| 10:14 | Build | Farm |
| 11:50 | Age | Feudal Age |
| 11:54 | Build | Blacksmith |
| 12:01 | Research | Double-Bit Axe |
| 12:05 | Create | Villager (Male) |
| 12:53 | Build | Market |
| 13:01 | Create | Villager (Male) |
| 13:13 | Research | Horse Collar |
| 13:30 | Build | Stone Wall |
| 13:31 | Research | Castle Age |
| 13:36 | Build | Stone Wall |
| 13:44 | Build | Lumber Camp |
| 13:55 | Build | Outpost |
| 14:00 | Build | Farm |
| 14:07 | Build | House |
| 14:15 | Build | Farm |
| 14:20 | Build | Farm |
| 14:41 | Build | Farm |
| 14:44 | Research | Stone Mining |
| 14:52 | Research | Town Watch |
| 15:07 | Build | Barracks |
| 15:24 | Build | Outpost |
| 15:29 | Create | Villager (Male) |
| 16:11 | Age | Castle Age |
| 16:15 | Build | Monastery |
| 16:16 | Research | Bow Saw |
| 16:28 | Research | Heavy Plow |
| 16:28 | Research | Heavy Plow |
| 16:47 | Build | Farm |
| 16:48 | Build | Farm |
| 16:57 | Build | Farm |
| 16:58 | Create | Villager (Male) |
| 17:06 | Create | Villager (Male) |
| 17:10 | Build | Castle |
| 17:14 | Build | Farm |
| 17:15 | Create | Monk |
| 17:26 | Create | Villager (Male) |
| 17:26 | Create | Villager (Male) |
| 17:28 | Create | Spearman |
| 17:38 | Build | Farm |
| 17:39 | Build | Farm |
| 17:57 | Create | Villager (Male) |
| 17:58 | Create | Villager (Male) |
| 17:58 | Create | Villager (Male) |
| 18:04 | Build | Farm |
| 18:05 | Build | Farm |
| 18:18 | Research | Wheelbarrow |
| 18:27 | Build | House |
| 18:28 | Build | House |
| 18:43 | Create | Monk |
| 18:47 | Create | Villager (Male) |
| 18:48 | Create | Villager (Male) |
| 18:48 | Create | Villager (Male) |
| 18:55 | Build | Farm |
| 19:03 | Create | Spearman |
| 19:16 | Create | Villager (Male) |
| 19:16 | Create | Villager (Male) |
| 19:44 | Create | Villager (Male) |
| 19:50 | Build | House |
| 19:51 | Build | House |
| 20:00 | Build | Farm |
| 20:00 | Build | Farm |
| 20:00 | Build | Farm |
| 20:13 | Build | Siege Workshop |
| 20:40 | Create | Villager (Male) |
| 20:40 | Create | Villager (Male) |
| 20:52 | Research | Hand Cart |
| 20:53 | Research | Loom |
| 21:17 | Create | Villager (Male) |
| 21:17 | Create | Villager (Male) |
| 21:21 | Build | Town Center |
| 21:23 | Create | Villager (Male) |
| 21:23 | Create | Villager (Male) |
| 21:23 | Create | Villager (Male) |
| 21:24 | Create | Villager (Male) |
| 21:24 | Create | Villager (Male) |
| 21:46 | Create | Villager (Male) |
| 21:46 | Create | Villager (Male) |
| 21:53 | Create | Villager (Male) |
| 21:55 | Build | Farm |
| 21:55 | Build | Farm |
| 21:57 | Create | Villager (Male) |
| 21:57 | Create | Villager (Male) |
| 22:35 | Build | Lumber Camp |
| 22:40 | Research | Gold Mining |
| 23:01 | Create | Villager (Male) |
| 23:07 | Build | Barracks |
| 23:11 | Create | Villager (Male) |
| 23:12 | Create | Villager (Male) |
| 23:25 | Research | Hand Cart |
| 24:01 | Create | Villager (Male) |
| 24:02 | Create | Villager (Male) |
| 24:13 | Create | Monk |
| 24:17 | Create | Woad Raider ×5 |
| 24:37 | Create | Villager (Male) |
| 24:41 | Build | Town Center |
| 24:44 | Create | Villager (Male) |
| 24:50 | Create | Villager (Male) |
| 25:02 | Build | University |
| 25:32 | Build | Siege Workshop |
| 25:37 | Create | Villager (Male) |
| 25:37 | Create | Villager (Male) |
| 25:58 | Research | Imperial Age |
| 25:58 | Research | Imperial Age |
Match timeline
| 10:32 | NeKRoiDe! · age_up feudal |
| 10:41 | The_cheems5 · age_up feudal |
| 10:45 | The_cheems5 · wall_segment Palisade Wall x1 |
| 10:49 | The_Chocotorro17 · age_up feudal |
| 11:50 | SSRP.BungoBaggins · age_up feudal |
| 11:53 | The_cheems5 · first_market_sell 100 stone |
| 11:59 | BingBangBoom · age_up feudal |
| 12:10 | The_Chocotorro17 · first_market_sell 100 wood |
| 12:17 | The VlachoGamer · age_up feudal |
| 12:40 | 星仔 · age_up feudal |
| 12:59 | The_Pugwailer · age_up feudal |
| 13:17 | The_Pugwailer · first_building Barracks |
| 13:30 | SSRP.BungoBaggins · wall_segment Stone Wall x1 |
| 13:36 | SSRP.BungoBaggins · wall_segment Stone Wall x5 |
| 14:11 | The_Chocotorro17 · first_market_buy 100 stone |
| 14:31 | NeKRoiDe! · age_up castle |
| 14:53 | The_Chocotorro17 · age_up castle |
| 15:04 | The_cheems5 · age_up castle |
| 15:04 | BingBangBoom · age_up castle |
| 15:07 | SSRP.BungoBaggins · first_building Barracks |
| 15:32 | The_Chocotorro17 · first_building Castle |
| 15:50 | The_cheems5 · first_building Castle |
| 15:55 | The_Chocotorro17 · wall_segment Palisade Wall x1 |
| 15:57 | The_Chocotorro17 · wall_segment Palisade Wall x1 |
| 16:11 | SSRP.BungoBaggins · age_up castle |
| 16:15 | SSRP.BungoBaggins · first_building Monastery |
| 16:27 | The VlachoGamer · first_building Barracks |
| 16:45 | 星仔 · age_up castle |
| 16:50 | BingBangBoom · wall_segment Stone Wall x4 |
| 16:54 | BingBangBoom · first_building Siege Workshop |
| 16:59 | BingBangBoom · wall_segment Stone Wall x3 |
| 17:06 | 星仔 · first_building Siege Workshop |
| 17:07 | BingBangBoom · wall_segment Stone Wall x9 |
| 17:10 | SSRP.BungoBaggins · first_building Castle |
| 17:28 | 星仔 · first_building Castle |
| 17:53 | NeKRoiDe! · first_building Monastery |
| 18:07 | The VlachoGamer · first_building Stable |
| 18:31 | NeKRoiDe! · first_building Siege Workshop |
| 19:09 | The VlachoGamer · age_up castle |
| 19:09 | 星仔 · first_building Monastery |
| 19:15 | The VlachoGamer · first_building Siege Workshop |
| 20:13 | SSRP.BungoBaggins · first_building Siege Workshop |
| 20:16 | The_Pugwailer · age_up castle |
| 20:30 | BingBangBoom · wall_segment Stone Wall x1 |
| 20:31 | The_Pugwailer · first_market_buy 100 wood |
| 21:51 | The_Chocotorro17 · first_building Siege Workshop |
| 24:00 | The_Pugwailer · first_building Castle |
| 24:09 | The_Pugwailer · wall_segment Palisade Wall x1 |
| 25:26 | SSRP.BungoBaggins · first_market_sell 100 food |
| 25:36 | The_cheems5 · first_building Siege Workshop |
| 25:50 | BingBangBoom · first_building Castle |
| 26:24 | BingBangBoom · wall_segment Stone Wall x5 |
| 26:27 | BingBangBoom · wall_segment Stone Wall x5 |
| 28:03 | The_Chocotorro17 · first_building Monastery |
| 28:27 | BingBangBoom · first_market_buy 100 wood |
| 28:41 | NeKRoiDe! · first_building Barracks |
| 28:47 | BingBangBoom · first_building Barracks |
| 28:55 | The_Pugwailer · first_building Monastery |
| 29:11 | BingBangBoom · age_up imperial |
| 29:12 | SSRP.BungoBaggins · age_up imperial |
| 29:16 | 星仔 · first_building Barracks |
| 29:44 | NeKRoiDe! · first_building Castle |
| 29:53 | 星仔 · age_up imperial |
| 31:21 | NeKRoiDe! · age_up imperial |
| 31:24 | The_Pugwailer · first_market_sell 100 wood |
| 31:42 | The VlachoGamer · first_building Castle |
| 32:08 | The VlachoGamer · age_up imperial |
| 32:26 | The_Pugwailer · first_building Archery Range |
| 33:38 | The_Chocotorro17 · first_building Barracks |
| 34:06 | The_cheems5 · first_building Barracks |
| 34:37 | 星仔 · first_market_sell 100 wood |
| 34:44 | The_Pugwailer · age_up imperial |
| 34:48 | The_cheems5 · age_up imperial |
| 35:03 | The_cheems5 · first_building Archery Range |
| 35:05 | NeKRoiDe! · first_market_sell 100 food |
| 35:33 | The_Chocotorro17 · first_building Stable |
| 36:03 | NeKRoiDe! · first_building Archery Range |
| 38:03 | The VlachoGamer · first_building Archery Range |
| 41:54 | NeKRoiDe! · first_market_buy 100 stone |
| 42:23 | BingBangBoom · wall_segment Stone Wall x1 |
| 43:38 | The_Chocotorro17 · age_up imperial |
| 44:42 | BingBangBoom · wall_segment Stone Wall x2 |
| 46:30 | The_cheems5 · first_market_buy 100 wood |
| 46:37 | The_Chocotorro17 · first_building Archery Range |
| 47:15 | 星仔 · first_building Stable |
| 49:34 | The_Pugwailer · resign |
| 49:49 | The_Chocotorro17 · wall_segment Stone Wall x4 |
[ AI ANALYSIS · 1 CREDIT ]
What really happened in this match?
Wolo.gg analyzes every decision: build order, eco, micro, common mistakes by bracket. Personalized analysis on WhatsApp or Discord in 30 seconds.
Civ guide
Georgians
Map guide
Arena
Perfil
Jugador #16047372